 Dungeon Sprint DCSS version 0.23.1-37-gaa34b87 (webtiles) character file.

Game seed: 1632617140995889730

138 nuthulu the Blocker (level 7, -2/63 HPs)
             Began as a Formicid Fighter on Mar 20, 2019.
             Was an Elder of Qazlal.
             Slain by a fire elemental (10 damage)
             ... summoned by a deep elf mage
             ... in the Dungeon (Sprint VI: "Thunderdome").
             The game lasted 00:02:46 (528 turns).

nuthulu the Blocker (Formicid Fighter)               Turns: 528, Time: 00:02:47

Health: -2/63      AC:  9    Str: 30    XL:     7   Next: 30%
Magic:  7/7        EV: 10    Int: 11    God:    Qazlal [****..]
Gold:   265        SH: 18    Dex: 12    Spells: 6/6 levels left

rFire    . . .     SeeInvis +   a - +0 war axe
rCold    + . .     Gourm    .   c - +0 shield
rNeg     . . .     Faith    .   b - +0 scale mail
rPois    +         Spirit   .   (helmet unavailable)
rElec    +         Reflect  .   s - +0 cloak
rCorr    +         Harm     .   (no gloves)
MR       .....                  (no boots)
Stlth    ..........             r - amulet "Ceet" {+Rage Int+4}
HPRegen  0.20/turn              p - ring "Citawotau" {+Fly rF- Str-2 Slay+5 SInv}
MPRegen  0.10/turn              q - ring "Istrot" {+Blink rPois Str+6}

@: mighty, resistant, lightly drained, repel missiles
A: permanent stasis, dig shafts and tunnels, four strong arms, antennae 3
a: Dig, Upheaval, Elemental Force, Renounce Religion, Evoke Flight


You were in the Dungeon.
You worshipped Qazlal.
Qazlal was greatly pleased with you.
You were not hungry.

You visited 1 branch You collected 400 gold pieces.
You spent 135 gold pieces at shops.

Inventory:

Hand Weapons
 a - a +0 war axe (weapon)
Armour
 b - a +0 scale mail (worn)
 c - a +0 shield (worn)
 s - a +0 cloak (worn)
Jewellery
 p - the ring "Citawotau" (left hand) {+Fly rF- Str-2 Slay+5 SInv}
   (You bought it in a shop in the Dungeon)

   [ring of flight]

   It affects your strength (-2).
   It affects your accuracy and damage with ranged weapons and melee attacks
   (+5).
   It makes you vulnerable to fire.
   It lets you see invisible.
   It lets you fly.
 q - the ring "Istrot" (right hand) {+Blink rPois Str+6}
   (You bought it in a shop in the Dungeon)

   [ring of poison resistance]

   It affects your strength (+6).
   It protects you from poison.
   It lets you blink.
 r - the amulet "Ceet" (around neck) {+Rage Int+4}
   (You bought it in a shop in the Dungeon)

   [amulet of rage]

   It affects your intelligence (+4).
   It lets you go berserk.
Wands
 l - a wand of acid (5)
 m - a wand of iceblast (5)
Scrolls
 k - 4 scrolls of blinking
 n - 3 scrolls of fog
Potions
 e - a potion of curing
 g - a potion of heal wounds
 h - 4 potions of haste
 i - 2 potions of magic
 j - a potion of berserk rage
Comestibles
 f - a ration


   Skills:
 + Level 8.7(8.3) Fighting
 + Level 7.6(7.2) Axes
 + Level 8.8(8.3) Armour
 - Level 9.4(8.9) Shields


You had 6 spell levels left.
You didn't know any spells.
Your spell library was empty.

Dungeon Overview and Level Annotations

Branches:
Dungeon (1/1)

Altars:
Cheibriados
Dithmenos
Fedhas
Gozag
Kikubaaqudgha
Makhleb
Okawaru
Qazlal
Ru
Sif Muna
Trog
Uskayaw
Vehumet
Wu Jian
Xom
Yredelemnul
Zin
The Shining One
Beogh
Jiyva
Lugonu

Shops:
D *[%??*?*:[((!!!!


Innate Abilities, Weirdness & Mutations

You cannot be hasted, slowed, berserked, paralysed or teleported.
You can dig through walls and to a lower floor.
Your four strong arms can wield two-handed weapons with a shield.
You have a pair of large antennae on your head. (SInv)


Message History

The shard of ice misses you.
The shard of ice hits the fire elemental!
The fire elemental is frozen!
The deep elf mage hits you but does no damage.
The deep elf mage gestures wildly while chanting.
The deep elf mage blinks!
The earth elemental hits you.
* * * LOW HITPOINT WARNING * * *
The ice beast hits you.
* * * LOW HITPOINT WARNING * * *
The ice beast freezes you. You resist.
* * * LOW HITPOINT WARNING * * *
The deep elf mage casts a spell at you.
The bolt of negative energy hits the earth elemental.
The earth elemental completely resists.
The bolt of negative energy hits you.
You feel drained.
* * * LOW HITPOINT WARNING * * *
The bolt of negative energy hits the fire elemental.
The fire elemental completely resists.
The fire elemental hits you. The fire elemental burns you!
You die...

.............###.............##
..........###...###.)........⌠#
..........# #.<.# #..........⌠#
..........###..e###.......÷..⌠#
...........e.###........)....##
##∩........8.# #.8........∩###
##∩___....§.###s.....___∩##
######.8.....YeEr8.######
#⌠.....YE@Ee.⌠# ###.....eE..###
#_.....○§_# #_...e..._#
#_......._# #∩.......∩#
##∩.....∩## ##.....## ##⌠⌠⌠##


You could see 2 earth elementals, 5 deep elf magi, 2 fire elementals, a redback,
2 ice beasts and a hell rat.

Vanquished Creatures
  2 floating eyes (D)
  A gnoll sergeant (D)
  A hound (D)
  3 jellies (D)
  Crazy Yiuf (D)
  2 gnolls (D)
  7 oozes (D)
17 creatures vanquished.

Notes
Turn   | Place    | Note
-------+----------+-------------------------------------------
     0 | D        | nuthulu the Formicid Fighter began the quest for the Orb.
     0 | D        | Reached XP level 1. HP: 18/18 MP: 1/1
     1 | D        | Found a deep blue altar of Sif Muna.
     1 | D        | Found a corrupted altar of Lugonu.
     2 | D        | Found a snail-covered altar of Cheibriados.
     2 | D        | Found a viscous altar of Jiyva.
     3 | D        | Found a shadowy altar of Dithmenos.
     3 | D        | Found a sacrificial altar of Ru.
     4 | D        | Found Totypriu's Identification Station.
     4 | D        | Found a shimmering altar of Xom.
     4 | D        | Found Puwiaw's Delicious Food.
     5 | D        | Found Optops's Advanced Armour.
     5 | D        | Found Ruestyne's Jewellery.
     5 | D        | Round 1.
    13 | D        | Bought a scintillating amber ring for 45 gold pieces
    13 | D        | Bought a scorched bronze ring for 45 gold pieces
    13 | D        | Bought a translucent ruby amulet for 45 gold pieces
    13 | D        | Identified the ring "Citawotau" {+Fly rF- Str-2 Slay+5
                  | SInv} (You bought it in a shop in the Dungeon)
    14 | D        | Identified the ring "Istrot" {+Blink rPois Str+6} (You
                  | bought it in a shop in the Dungeon)
    15 | D        | Identified the amulet "Ceet" {+Rage Int+4} (You bought it
                  | in a shop in the Dungeon)
    23 | D        | Found a basalt altar of Yredelemnul.
    24 | D        | Found a glowing golden altar of the Shining One.
    24 | D        | Found a blossoming altar of Fedhas.
    24 | D        | Found an ornate altar of the Wu Jian Council.
    24 | D        | Found Oxeeneum's Premium Goods.
    24 | D        | Found Dyiplihi's Weapon Rack.
    25 | D        | Found Zaonur's Miscellaneous Merchandise.
    25 | D        | Found Nafatwedghun's Basic Armour.
    28 | D        | Found a hide-covered altar of Uskayaw.
    29 | D        | Found an iron altar of Okawaru.
    30 | D        | Found a stormy altar of Qazlal.
    31 | D        | Found Tukaifuu's Do-It-Yourself Clinic.
    32 | D        | Found Konkeu Myff's Bottled Wisdom.
    32 | D        | Found Juarug's Distillery.
    32 | D        | Found an opulent altar of Gozag.
    32 | D        | Found a glowing silver altar of Zin.
    32 | D        | Found a roughly hewn altar of Beogh.
    32 | D        | Found Waufu's Distillery.
    38 | D        | Became a worshipper of Qazlal Stormbringer
    43 | D        | Reached skill level 4 in Shields
    43 | D        | Reached XP level 2. HP: 20/25 MP: 2/2
    60 | D        | Reached * piety under Qazlal
    60 | D        | Reached skill level 5 in Fighting
    60 | D        | Reached skill level 5 in Armour
    60 | D        | Reached skill level 5 in Shields
    60 | D        | Reached XP level 3. HP: 11/33 MP: 3/3
    60 | D        | Reached XP level 4. HP: 13/39 MP: 4/4
    60 | D        | Noticed Crazy Yiuf
    67 | D        | Killed Crazy Yiuf
    67 | D        | Reached skill level 6 in Shields
    77 | D        | Found an ancient bone altar of Kikubaaqudgha.
    78 | D        | Found a radiant altar of Vehumet.
    79 | D        | Found a burning altar of Makhleb.
    79 | D        | Found a bloodstained altar of Trog.
    79 | D        | Found Guddiusm's Staff Store.
    79 | D        | Found Osucrog's Magic Scroll Shop.
    80 | D        | Found Gaak's Must-Have Magic.
    80 | D        | Found Ivathrul's Magic Scroll Shop.
    84 | D        | Noticed a gnoll sergeant
    92 | D        | Killed a gnoll sergeant
    92 | D        | Arena points: 12 (+12) [x2]
    92 | D        | Reached skill level 5 in Axes
    92 | D        | Reached XP level 5. HP: 47/47 MP: 5/5
   159 | D        | Round 2.
   194 | D        | Reached ** piety under Qazlal
   194 | D        | Reached skill level 7 in Shields
   244 | D        | Reached *** piety under Qazlal
   276 | D        | Arena points: 54 (+42) [x3]
   276 | D        | Reached XP level 6. HP: 55/55 MP: 6/6
   319 | D        | Round 3.
   349 | D        | Reached skill level 8 in Shields
   376 | D        | Noticed a floating eye
   376 | D        | Noticed a floating eye
   380 | D        | Killed a floating eye
   380 | D        | Reached **** piety under Qazlal
   381 | D        | Killed a floating eye
   381 | D        | Reached skill level 9 in Shields
   381 | D        | Reached XP level 7. HP: 62/63 MP: 7/7
   436 | D        | Arena points: 138 (+84) [x4]
   503 | D        | Round 4.
   508 | D        | Noticed a deep elf mage
   511 | D        | Noticed a deep elf mage
   512 | D        | Noticed a deep elf mage
   514 | D        | Noticed a deep elf mage
   515 | D        | Noticed a deep elf mage
   520 | D        | Noticed a deep elf mage
   522 | D        | Noticed a redback
   525 | D        | Noticed a fire elemental
   525 | D        | Noticed a fire elemental
   528 | D        | Slain by a fire elemental

Skill      XL: |  1  2  3  4  5  6 |
---------------+-------------------+-----
Fighting       | 4 5 6 7 8 |  8.7
Armour         | 4 5 6 7 8 |  8.8
Shields        | 4 5 6 7 9 |  9.4
Axes           | 3 5 7 |  7.6

Action                   |  1- 3 |  4- 6 |  7- 9 || total
-------------------------+-------+-------+-------++-------
Melee: War axe           |    11 |    23 |    13 ||    47
  Use: Potion            |       |     1 |     4 ||     5
Armor: Scale mail        |     2 |     4 |     9 ||    15
Dodge: Dodged            |     5 |     8 |     5 ||    18
       Deflected         |       |       |     1 ||     1
Block: Shield            |     5 |    15 |    17 ||    37
